 Dungeon Crawl Stone Soup version 0.24-a0-7-g1bb0902 (webtiles) character file.

Game seed: 14406441558574338702

10829 Inarius the Gouger (level 11, -5/52 HPs)
             Began as a Felid Monk on Jan 30, 2019.
             Slain by a yak (9 damage)
             ... on level 10 of the Dungeon.
             The game lasted 00:26:57 (15561 turns).

Inarius the Gouger (Felid Monk)                    Turns: 15561, Time: 00:26:57

Health: -5/52      AC:  6    Str:  7    XL:     11   Next: 41%
Magic:  18/18      EV: 27    Int: 11    God:
Gold:   979        SH:  0    Dex: 23    Spells: 9/10 levels left
                                        Lives:  0   Deaths: 3

rFire    . . .     SeeInvis +     - Unarmed
rCold    . . .     Gourm    .   (shield unavailable)
rNeg     . . .     Faith    .   (armour unavailable)
rPois    .         Spirit   .   (helmet unavailable)
rElec    .         Reflect  .   (cloak unavailable)
rCorr    .         Harm     .   (gloves unavailable)
MR       +....                  (boots unavailable)
Stlth    +++++++...             (no amulet)
HPRegen  0.17/turn              e - ring of stealth
MPRegen  0.16/turn              A - +4 ring of protection

@: about to teleport, studying Fire Magic, quick
A: very small, no armour, no weapons or thrown items, stealth, claws 1, fangs 3,
see invisible, carnivore, speed 1, shaggy fur 2, slow metabolism 1, sharp paws
a: no special abilities


You were on level 10 of the Dungeon.
You were completely stuffed.

You visited 3 branches of the dungeon, and saw 14 of its levels.

You collected 979 gold pieces.

Inventory:

Jewellery
 c - an uncursed ring of ice
 d - an uncursed ring of protection from cold
 e - a ring of stealth (left paw)
 t - an uncursed ring of fire
 x - an uncursed ring of positive energy
 z - an uncursed ring of fire
 A - a +4 ring of protection (right paw)
 C - a +4 ring of strength
 F - an uncursed ring of fire
Wands
 b - a wand of scattershot (4)
 h - a wand of flame (8)
 q - a wand of clouds (8)
 y - a wand of acid (2)
 B - a wand of paralysis (2)
Scrolls
 g - 6 scrolls of teleportation
 k - 3 scrolls of remove curse
 n - 2 scrolls of fog
 o - 4 scrolls of amnesia
 p - a scroll of immolation
 u - 3 scrolls of identify
Potions
 f - 2 potions of brilliance
 i - 2 potions of lignification
 j - 2 potions of cancellation {unknown}
 l - 4 potions of curing
 m - a potion of might {unknown}
 r - a potion of invisibility
 s - a potion of flight {unknown}
 w - a potion of mutation
 D - a potion of haste {unknown}
Books
 v - a manual of Fire Magic
Miscellaneous
 E - a lamp of fire
Comestibles
 a - 22 rations
 G - 3 chunks of flesh


   Skills:
 * Level 8.8 Fighting
 + Level 8.9 Dodging
 + Level 11.7 Stealth
 + Level 12.3 Unarmed Combat
 * Level 8.1 Evocations


You had 9 spell levels left.
You knew the following spells:

 Your Spells              Type           Power        Failure   Level  Hunger
a - Sandblast             Erth           #.....       34%         1    ##.....

Your spell library contained the following spells:

 Spells                   Type           Power        Failure   Level  Hunger
 Passwall                 Tmut/Erth      #.......     47%         2    ###....
 Stone Arrow              Conj/Erth      #.....       71%         3    ####...
 Petrify                  Tmut/Erth      #.......     98%         4    #####..
 Lee's Rapid Deconstruct  Erth           #.........   100%        5    ######.


Dungeon Overview and Level Annotations

Branches:
Dungeon (10/15)            Temple (1/1) D:4            Lair (3/6) D:10
  Swamp: Lair:2-4    Shoals: Lair:2-4     Snake: Lair:2-4    Spider: Lair:2-4
    Orc: D:9-12

Altars:
Ashenzari
Cheibriados
Dithmenos
Elyvilon
Fedhas
Gozag
Hepliaklqana
Kikubaaqudgha
Makhleb
Nemelex Xobeh
Okawaru
Qazlal
Ru
Sif Muna
Trog
Uskayaw
Vehumet
Wu Jian
Xom
Yredelemnul
Zin
The Shining One

Annotations:
D:3 Grinder
D:5 2 runed translucent doors, Ijustatesigmund's ghost, novice HOFi
Lair:2 Sonja


Innate Abilities, Weirdness & Mutations

You cannot wear armour.
You are incapable of wielding weapons or throwing items.
Your paws allow you to move quietly. (Stealth)
You have sharp claws.
You have razor-sharp teeth.
You have supernaturally acute eyesight. (SInv)
You are carnivorous and can eat meat at any time.
You cover ground quickly.
You are covered in thick fur. (AC +2)
You have a slow metabolism.
Your sharp claws are effective at attacking unaware monsters.


Message History

The yak misses you. The yak gores you!
You climb upwards.
There is a stone staircase leading down here.
You see here 4 large rocks.
The yak gores you.
There is a staircase back to the Dungeon, spattered with blood here.
The yak completely misses you.
You climb upwards.
Welcome back to the Dungeon!
There is a staircase to the Lair, spattered with blood here.
As you read the scroll of teleportation, it crumbles to dust.
You feel strangely unstable. The yak completely misses you. x2
You scratch the yak.
The yak is lightly wounded.
The yak misses you. The yak gores you!
You scratch the yak but do no damage.
The yak is lightly wounded.
The yak gores you!
* * * LOW HITPOINT WARNING * * *
The yak gores you!
You die...

#.#.####.#.# #.# #.#
#.#......#.####.# #.#
#.#.######....#.# #.###########
#.########....#.# #............
..............#.###############.#
.......................># #.#
#.#.#####.######[######## #.#
###.# #.# #Y# #.# ..#.# #.# #@#
#######.# .≈#'## #.# #Y#
#.......# (.#..# #.## #÷#
#.####### .≈...# #..# #.# #.#
..#..# ##.## #.# #.# .≈#..# #..#
#.# #.# ≈P#..# ##.# #.# #.#
PP#.## #.# #.# #.# ###.# #.# #.#
#.#


You could see 2 yaks.

Vanquished Creatures
  Erolcha (D:9)
  A hydra (D:10)
  Harold (D:8)
  Pikel (D:4)
  A manticore (D:9)
  2 slime creatures (D:10)
  An elephant (D:10)
  Joseph (D:7)
  A komodo dragon (Lair:2)
  A spiny frog (Lair:1)
  Prince Ribbit (D:8)
  2 trolls
  A hornet (D:8)
  2 dream sheep (D:10)
  3 hippogriffs
  2 spriggans (D:10)
  A wyvern (Lair:3)
  4 yaks
  Edmund (D:4)
  2 water moccasins (Lair:3)
  3 porcupines
  A hornet zombie (D:9)
  4 orc warriors
  5 sky beasts
  2 slaves (D:4)
  2 ogres
  A black bear (D:8)
  2 phantoms
  4 crocodiles
  3 centaurs (D:8)
  6 big kobolds
  2 bullfrogs
  4 scorpions
  19 wights
  4 howler monkeys
  5 crimson imps
  A centaur zombie (D:9)
  7 orc priests
  2 quasits
  3 centaur skeletons
  8 hounds
  4 jellies
  2 iguanas
  Ijyb (D:3)
  8 orc wizards
  8 worker ants
  A hound zombie (D:7)
  2 hound skeletons
  A worker ant zombie (D:6)
  13 adders
  3 gnolls (D:5)
  A howler monkey skeleton (D:7)
  3 shadow imps
  An adder zombie (D:6)
  2 adder skeletons
  3 worms
  2 dart slugs
  7 leopard geckos
  38 orcs
  A bat zombie (D:5)
  3 giant cockroaches
  10 goblins
  7 hobgoblins
  12 jackals
  5 quokkas
  5 bats
  6 frilled lizards
  A giant cockroach zombie (D:5)
  A jackal skeleton (D:6)
  A jackal zombie (D:7)
  19 kobolds
  A quokka skeleton (D:4)
  6 rats
  2 rat zombies (D:5)
  A spectral orc (D:9)
299 creatures vanquished.

Vanquished Creatures (others)
  A slave (D:4)
  2 orc priests (D:4)
  An orc wizard (D:4)
  An orc (D:4)
  A fungus (Lair:2)
  2 plants (Lair:1)
8 creatures vanquished.

Grand Total: 307 creatures vanquished

Notes
Turn   | Place    | Note
-------+----------+-------------------------------------------
     0 | D:1      | Inarius the Felid Monk began the quest for the Orb.
     0 | D:1      | Reached XP level 1. HP: 10/10 MP: 2/2
   344 | D:1      | Reached XP level 2. HP: 14/14 MP: 3/3
  1836 | D:2      | Reached XP level 3. HP: 17/17 MP: 4/4
  3055 | D:2      | Reached skill level 4 in Unarmed Combat
  3370 | D:3      | Noticed Grinder
  3372 | D:3      | Paralysed by Grinder for 2 turns
  3424 | D:3      | Reached XP level 4. HP: 12/21 MP: 5/5
  3581 | D:3      | Noticed Ijyb
  3629 | D:3      | Killed Ijyb
  4386 | D:4      | Noticed Edmund
  4488 | D:4      | Noticed Pikel
  4488 | D:4      | Noticed a slave
  4488 | D:4      | Noticed a slave
  4488 | D:4      | Noticed a slave
  4489 | D:4      | Noticed a slave
  4495 | D:4      | Killed a slave
  4497 | D:4      | Killed a slave
  4497 | D:4      | Killed Pikel
  4497 | D:4      | Reached skill level 5 in Dodging
  4497 | D:4      | Reached skill level 5 in Stealth
  4497 | D:4      | Reached skill level 6 in Unarmed Combat
  4497 | D:4      | Reached XP level 5. HP: 10/25 MP: 6/6
  4497 | D:4      | Gained mutation: You are covered in thick fur. (AC +2)
                  | [Felid growth]
  4497 | D:4      | Reached XP level 6. HP: 12/29 MP: 7/7
  4497 | D:4      | Reached XP level 7. HP: 13/33 MP: 8/8
  4995 | D:4      | Killed from afar by an orc priest
  4996 | D:4      | Reached XP level 6. HP: 0/29 MP: 7/7
  5008 | D:4      | Killed a freed slave
  5074 | D:4      | Killed Edmund
  5160 | D:4      | Reached XP level 7. HP: 33/33 MP: 8/8
  5243 | D:4      | Reached skill level 7 in Unarmed Combat
  5565 | D:4      | Found a shadowy altar of Dithmenos.
  5699 | D:4      | Reached skill level 5 in Fighting
  5794 | D:4      | Found a staircase to the Ecumenical Temple.
  5803 | Temple   | Entered the Ecumenical Temple
  6016 | D:5      | Entered Level 5 of the Dungeon
  6018 | D:5      | Noticed a troll
  6027 | D:5      | Killed a troll
  6027 | D:5      | Reached skill level 1 in Evocations
  6178 | D:5      | Reached XP level 8. HP: 33/37 MP: 10/10
  6248 | D:5      | Reached skill level 8 in Unarmed Combat
  6405 | D:5      | Found an iron altar of Okawaru.
  6787 | D:5      | Found a glowing silver altar of Zin.
  6884 | D:5      | Found an ancient bone altar of Kikubaaqudgha.
  6909 | D:5      | Found a large runed translucent door.
  6909 | D:5      | Found a large runed translucent door.
  6911 | D:5      | Noticed Ijustatesigmund's ghost (novice HOFi)
  7393 | D:6      | Found a deep blue altar of Sif Muna.
  7627 | D:6      | Learned a level 1 spell: Sandblast
  7756 | D:7      | Noticed Joseph
  7756 | D:7      | Noticed a hippogriff
  7758 | D:7      | Killed a hippogriff
  7782 | D:7      | Shot with a sling bullet by Joseph
  7783 | D:7      | Reached XP level 7. HP: -3/34 MP: 10/10
  7977 | D:7      | Reached XP level 8. HP: 38/38 MP: 11/11
  8070 | D:7      | Reached skill level 9 in Unarmed Combat
  8256 | D:7      | Killed Joseph
  8916 | D:7      | Noticed a hippogriff
  8925 | D:7      | Killed a hippogriff
  9030 | D:7      | Reached XP level 9. HP: 41/42 MP: 13/13
  9548 | D:8      | Reached skill level 10 in Unarmed Combat
  9678 | D:8      | Noticed Harold
  9696 | D:8      | Killed Harold
  9696 | D:8      | Reached skill level 5 in Evocations
  9843 | D:8      | Found a shattered altar of Ashenzari.
 10074 | D:8      | Noticed Prince Ribbit
 10126 | D:8      | Killed Prince Ribbit
 10126 | D:8      | Reached XP level 10. HP: 47/47 MP: 15/15
 10193 | D:8      | Shot with an arrow by a centaur
 10194 | D:8      | Reached XP level 9. HP: 0/43 MP: 14/14
 10674 | D:8      | Reached skill level 11 in Unarmed Combat
 11145 | D:9      | Noticed a manticore
 11152 | D:9      | Killed a manticore
 11504 | D:9      | Found a blossoming altar of Fedhas.
 11621 | D:9      | Noticed Erolcha
 11639 | D:9      | Killed Erolcha
 11639 | D:9      | Reached XP level 10. HP: 42/48 MP: 14/16
 11737 | D:9      | Found a basalt altar of Yredelemnul.
 11814 | D:10     | Entered Level 10 of the Dungeon
 12070 | D:10     | Killed an enormous slime creature
 12070 | D:10     | Reached skill level 10 in Stealth
 13124 | D:10     | Found a staircase to the Lair.
 13344 | D:10     | Noticed a three-headed hydra
 13357 | D:10     | Killed a three-headed hydra
 13357 | D:10     | Reached skill level 12 in Unarmed Combat
 13357 | D:10     | Reached XP level 11. HP: 31/52 MP: 17/17
 13688 | Lair:1   | Entered Level 1 of the Lair of Beasts
 14721 | Lair:1   | Found a glowing golden altar of the Shining One.
 15117 | Lair:2   | Noticed Sonja
 15561 | D:10     | Slain by a yak

Vault maps used:
D:1:      minmay_arrival_open_corners
D:2:      minmay_tall_x
D:3:      chequers_serial_rivers_large_b, grunt_decor_cap,
          minmay_misc_feat_doors, small_statue_intersection, uniq_ijyb,
          uniq_grinder
D:4:      minmay_clustersquares, temple_statues, first_ration,
          grunt_dithmenos_smoke, uniq_pikel, uniq_edmund
D:5:      lemuel_zombie_altar_kikubaaqudgha, lemuel_doored_altar,
          old_standard_altar, ebering_ghost_disaster_area, minmay_manual_mail
D:6:      basic_altar
D:7:      uniq_joseph
D:8:      kennysheep_mini, uniq_prince_ribbit1, uniq_harold
D:9:      yredelemnul_forgotten_temple_becter, fedhas_altar_2, uniq_erolcha
D:10:     lair_entry_dummy, hangedman_ranch
Temple:   kb_temple_of_zot
Lair:1:   wad_woods_stonehenge, hellmonk_ghost_happy_afterlife,
          minmay_stone_trees_large
Lair:2:   spider_nest_entry_a, serial_bayou_shore_a, uniq_sonja
Lair:3:   uniq_nergalle

Skill      XL: |  1  2  3  4  5  6  7  8  9 10 11 |
---------------+----------------------------------+-----
Stealth        | 3 5 7 8 9 10 11 | 11.7
Unarmed Combat | 4 6 7 9 11 12 | 12.3
Fighting       | 4 6 7 8 |  8.8
Dodging        | 5 6 7 8 |  8.9
Evocations     | 1 4 6 7 8 |  8.1

Action                   |  1- 3 |  4- 6 |  7- 9 | 10-12 || total
-------------------------+-------+-------+-------+-------++-------
Melee: Unarmed           |   152 |    88 |   569 |   212 ||  1021
       Bite              |    11 |    10 |    62 |    18 ||   101
       Punch             |       |     1 |    17 |    11 ||    29
Evoke: Wand              |       |     2 |    25 |    15 ||    42
  Use: Potion            |       |     1 |    10 |       ||    11
       Scroll            |       |       |    12 |     3 ||    15
 Stab: Sleeping          |     9 |     2 |    29 |    26 ||    66
       Distracted        |     1 |       |     3 |       ||     4
       Invisible         |       |       |     2 |       ||     2
       Paralysed         |       |       |     1 |    10 ||    11
  Eat: Chunk             |    12 |     8 |    24 |     9 ||    53
Armor: Skin              |    10 |     2 |    37 |     6 ||    55
Dodge: Dodged            |   120 |    57 |   412 |   125 ||   714

Table legend:
 A = Non-vault XP
 B = Vault XP
 C = Vault XP percentage of total XP
 D = Non-vault monster count
 E = Vault monster count
 F = Vault count percentage of total count
                 A         B        C        D         E       F
            +---------+---------+-------+---------+---------+-------
      Total |   12520 |    7481 |  37.4 |     258 |      40 |  13.4
            +---------+---------+-------+---------+---------+-------
        D:1 |      34 |       3 |   8.1 |      21 |       2 |   8.7
        D:2 |      33 |       7 |  17.5 |      19 |       2 |   9.5
        D:3 |      95 |      36 |  27.5 |      10 |       1 |   9.1
        D:4 |     193 |    1013 |  84.0 |      22 |      10 |  31.2
        D:5 |     515 |     394 |  43.3 |      20 |       8 |  28.6
        D:6 |     275 |       0 |   0.0 |      11 |       0 |   0.0
        D:7 |    1640 |     450 |  21.5 |      40 |       1 |   2.4
        D:8 |    2513 |    1251 |  33.2 |      47 |       2 |   4.1
        D:9 |    1666 |    1043 |  38.5 |      17 |       2 |  10.5
       D:10 |    3505 |    3284 |  48.4 |      40 |      12 |  23.1
     Lair:1 |     694 |       0 |   0.0 |       4 |       0 |   0.0
     Lair:2 |     694 |       0 |   0.0 |       3 |       0 |   0.0
     Lair:3 |     663 |       0 |   0.0 |       4 |       0 |   0.0
            +---------+---------+-------+---------+---------+-------
